 Dungeon Crawl Stone Soup version 0.20.1-1-g8b1a95d (webtiles) character file.

1275 dmj the Covered (level 8, -5/69 HPs)
             Began as a Minotaur Fighter on July 30, 2017.
             Was an Initiate of Qazlal.
             Slain by a wraith (11 damage)
             ... on level 9 of the Dungeon.
             The game lasted 00:18:23 (4209 turns).

dmj the Covered (Minotaur Fighter)                  Turns: 4209, Time: 00:18:24

Health: -5/69      AC:  9    Str: 27    XL:     8   Next: 28%
Magic:  7/7        EV:  9    Int:  5    God:    Qazlal [......]
Gold:   209        SH: 12    Dex: 11    Spells: 7/7 levels left

rFire    . . .     SeeInvis .   B - +2 spear (venom)
rCold    . . .     Gourm    .   c - +1 shield
rNeg     . . .     Faith    .   b - +0 scale mail
rPois    .         Spirit   .   (helmet restricted)
rElec    .         Reflect  .   (no cloak)
rCorr    .         Harm     .   C - +0 pair of gloves
MR       .....                  (no boots)
Stlth    ..........             (no amulet)
Regen    0.3/turn               (no ring)
MPRegen  0.1/turn               (no ring)

@: mighty
A: retaliatory headbutt, horns 2
a: Renounce Religion


You were on level 9 of the Dungeon.
You worshipped Qazlal.
Qazlal was noncommittal.
You were hungry.

You visited 1 branch of the dungeon, and saw 7 of its levels.

You collected 209 gold pieces.

Inventory:

Hand Weapons
 a - a +0 flail
 p - a +1 whip of flaming
 x - a +0 shortbow
 B - a +2 spear of venom (weapon)
Missiles
 t - 2 steel javelins (quivered)
 y - 37 arrows
Armour
 b - a +0 scale mail (worn)
 c - a +1 shield (worn)
 C - a +0 pair of gloves (worn)
Wands
 e - a wand of acid (4/15)
 q - a wand of flame (33/48)
 z - a wand of paralysis (10/24)
Scrolls
 g - a scroll of immolation
 i - 11 scrolls of identify
 j - 4 scrolls of remove curse
 o - 2 scrolls of blinking
Potions
 d - 2 potions of might
 h - 4 potions of heal wounds {unknown}
 n - a potion of flight {unknown}
 s - a potion of lignification {unknown}
 u - 2 potions of invisibility {unknown}
 v - 2 potions of berserk rage
 w - a potion of brilliance {unknown}
 A - a potion of curing {unknown}
Books
 r - a book of Cantrips

   Spells                             Type                      Level
   a - Confusing Touch                Hexes                        1
   b - Animate Skeleton               Necromancy                   1
   c - Summon Small Mammal            Summoning                    1
   d - Apportation                    Translocation                1
Comestibles
 f - 2 bread rations
 k - 5 royal jellies
 l - 3 meat rations
 m - 3 fruits


   Skills:
 + Level 5.4 Fighting
 + Level 6.3 Maces & Flails
 + Level 2.2 Polearms
 + Level 7.3 Armour
 + Level 2.5 Dodging
 + Level 0.1 Stealth
 + Level 7.0 Shields


You had 7 spell levels left.
You didn't know any spells.

Dungeon Overview and Level Annotations

Branches:
Dungeon (6/15)
 Temple: D:4-7

Altars:
Kikubaaqudgha
Qazlal
Vehumet
Yredelemnul

Annotations:
D:9 1 transporter


Innate Abilities, Weirdness & Mutations

You reflexively headbutt those who attack you in melee.
You have a pair of horns on your head.


Message History

Qazlal accepts your kill.
Your Polearms skill increases to level 2!
You block the death knight's attack. The wraith hits you but does no damage.
You puncture the wight!
The wight is heavily damaged.
The death knight hits you with an enchanted morningstar!
The wight closely misses you. You block the wraith's attack.
You closely miss the wight.
The wight is heavily damaged.
The death knight hits you with an enchanted morningstar!!
* * * LOW HITPOINT WARNING * * *
The wraith hits you but does no damage. The wight barely misses you.
As you read the scroll of immolation, it crumbles to dust.
The creatures around you are filled with an inner flame!
You block the death knight's attack. The wraith hits you but does no damage.
You block the wight's attack.
As you read the scroll of immolation, it crumbles to dust.
The creatures around you are filled with an inner flame!
The wraith hits you!
You die...

..###. ##.#...####..
#.##.#.###..........#.
#............©........
#.###..#############..
#..#...........#..
#..#...........#.#
##.#..##...##..#.#
#.####.#..#8Wzp8#..#.#
#......#..##.@.##..#.#
.....##.#...........#.#
####.##.#..##...##..#.####
#....#..#8..!8#..#....
####.##.#..##..?##..#..#
#.......#...........#..#
#.##.##.#.)$_!⌠=_$!©#..####
# # #.#############.....# #
#................##.##.#


You could see a death knight (inner flame), a wraith (inner flame) and a wight
(inner flame).

Vanquished Creatures
  3 hungry ghosts
  The ghost of Frank the Ducker, an amateur OpMo (D:3)
  2 ogres
  A centaur (D:5)
  A scorpion (D:5)
  A howler monkey (D:6)
  2 crimson imps (D:5)
  A centaur skeleton (D:5)
  A hound (D:4)
  Terence (D:2)
  4 worker ants
  A hound skeleton (D:4)
  A worker ant zombie (D:5)
  6 adders
  A howler monkey skeleton (D:5)
  2 oozes
  4 worms
  2 dart slugs
  6 leopard geckos
  5 giant cockroaches
  3 goblins
  7 hobgoblins
  16 jackals
  3 quokkas
  A ball python (D:3)
  8 bats
  5 frilled lizards
  4 kobolds
  3 rats
96 creatures vanquished.

Notes
Turn   | Place    | Note
-------+----------+-------------------------------------------
     0 | D:1      | dmj the Minotaur Fighter began the quest for the Orb.
     0 | D:1      | Reached XP level 1. HP: 19/19 MP: 0/0
   221 | D:1      | Reached XP level 2. HP: 24/26 MP: 1/1
   632 | D:1      | Reached XP level 3. HP: 33/33 MP: 2/2
   734 | D:2      | Noticed Terence
   737 | D:2      | Killed Terence
   737 | D:2      | Reached XP level 4. HP: 37/40 MP: 3/3
  1507 | D:3      | Noticed Frank's ghost (amateur OpMo)
  1522 | D:3      | Killed Frank's ghost
  1522 | D:3      | Reached skill level 5 in Armour
  1522 | D:3      | Reached skill level 1 in Dodging
  1522 | D:3      | Reached skill level 5 in Shields
  1522 | D:3      | Reached XP level 5. HP: 44/46 MP: 4/4
  1807 | D:3      | Noticed an ogre
  1810 | D:3      | Killed an ogre
  1810 | D:3      | Reached skill level 5 in Maces & Flails
  1810 | D:3      | Reached XP level 6. HP: 24/52 MP: 5/5
  2228 | D:4      | Noticed a hungry ghost
  2263 | D:4      | Killed a hungry ghost
  2263 | D:4      | Reached XP level 7. HP: 55/60 MP: 6/6
  2314 | D:4      | Noticed a hungry ghost
  2331 | D:4      | Killed a hungry ghost
  2986 | D:5      | Entered Level 5 of the Dungeon
  2991 | D:5      | Found a stormy altar of Qazlal.
  2997 | D:5      | Reached skill level 5 in Fighting
  3030 | D:5      | Became a worshipper of Qazlal Stormbringer
  3479 | D:5      | Reached XP level 8. HP: 12/68 MP: 7/7
  3944 | D:6      | Reached skill level 1 in Polearms
  4065 | D:6      | Found a radiant altar of Vehumet.
  4144 | D:6      | You fall through a shaft for 3 floors!
  4155 | D:9      | Found a transporter.
  4158 | D:9      | Found an ancient bone altar of Kikubaaqudgha.
  4161 | D:9      | Noticed a death knight
  4163 | D:9      | Found a basalt altar of Yredelemnul.
  4182 | D:9      | Found a transporter.
  4209 | D:9      | Slain by a wraith

Skill      XL: |  1  2  3  4  5  6  7  8 |
---------------+-------------------------+-----
Armour         | 4 5 7 |  7.3
Shields        | 4 5 6 7 |  7.0
Maces & Flails | 3 4 5 6 |  6.3
Fighting       | 4 5 |  5.4
Dodging        | 1 2 |  2.5
Polearms       | 2 |  2.2
Stealth        | |  0.1

Action                   |  1- 3 |  4- 6 |  7- 9 || total
-------------------------+-------+-------+-------++-------
Melee: Flail             |    64 |   161 |    83 ||   308
       Headbutt          |    16 |    23 |    22 ||    61
       Spear             |       |       |    55 ||    55
  Use: Scroll            |     4 |     4 |     6 ||    14
       Potion            |     1 |       |     1 ||     2
  Eat: Chunk             |       |     4 |       ||     4
       Bread ration      |       |     1 |     1 ||     2
       Meat ration       |       |       |     1 ||     1
Armor: Scale mail        |    41 |    56 |    56 ||   153
Dodge: Dodged            |    36 |    45 |    49 ||   130
Block: Shield            |    52 |    99 |    81 ||   232
